 Seeded DCSS version 0.30.0-15-g856e2d3f33 (webtiles) character file.

Game seed: 5 (custom seed)

747 Kazon the Covered (level 7, 0/36 HPs)
             Began as a Vine Stalker Fighter on May 17, 2023.
             Was a Follower of Makhleb.
             Slain by a gnoll
             ... wielding a +0 spear
              (2 damage)
             ... on level 5 of the Dungeon on May 18, 2023.
             The game lasted 00:16:44 (3051 turns).

Kazon the Covered (Vine Stalker Fighter)            Turns: 3051, Time: 00:16:45

Health: 0/36       AC:  8    Str: 18    XL:     7   Next: 77%
Magic:  0/18       EV:  9    Int: 10    God:    Makhleb [*.....]
Gold:   203        SH: 12    Dex: 20    Spells: 6/6 levels left

rFire   . . .        f - +0 hand axe (flame)
rCold   . . .        c - +2 kite shield {reflect}
rNeg    . . .        b - +0 scale mail
rPois   .            h - +0 helmet
rElec   .            (no cloak)
rCorr   .            (no gloves)
SInv    .            (no boots)
Will    .....        (no amulet)
Stlth   +            t - ring of magical power
HPRegen 1.06/turn    B - +6 ring of dexterity
MPRegen 0.16/turn

%: reflection, guardian spirit
@: no status effects
A: fangs 2, regeneration 1, magic shield, antimagic bite, no potion heal 2
a: Renounce Religion


You were on level 5 of the Dungeon.
You worshipped Makhleb.
Makhleb was aware of your devotion.
You visited 2 branches of the dungeon, and saw 6 of its levels.

You collected 203 gold pieces.

Inventory:

Hand Weapons
 a - a +0 war axe
 e - a +2 vampiric dagger
 f - a +0 hand axe of flaming (weapon)
Missiles
 k - 2 boomerangs (quivered)
 r - 5 poisoned darts
 s - a stone
Armour
 b - a +0 scale mail (worn)
 c - a +2 kite shield of reflection (worn)
 g - a +0 tower shield
 h - a +0 helmet (worn)
Jewellery
 t - a ring of magical power (left hand)
 B - a +6 ring of dexterity (right hand)
Wands
 y - a wand of paralysis (8)
Scrolls
 i - a scroll of blinking {unknown}
 l - a scroll of fog {unknown}
 n - 2 scrolls of teleportation {unknown}
 o - 2 scrolls of magic mapping {unknown}
 p - a scroll of summoning {unknown}
 q - 2 scrolls of identify {unknown}
 w - a scroll of amnesia {unknown}
 z - a scroll of torment {unknown}
Potions
 d - a potion of might
 j - 3 potions of curing {unknown}
 m - a potion of magic {unknown}
 u - a potion of flight {unknown}
 v - 2 potions of invisibility {unknown}
 x - a potion of resistance {unknown}
 A - 2 potions of heal wounds {unknown}
 C - a potion of lignification {unknown}
 D - a potion of attraction {unknown}


   Skills:
 + Level 3.5 Fighting
 + Level 1.7 Short Blades
 + Level 3.6 Axes
 + Level 0.5 Throwing
 + Level 3.9 Armour
 + Level 1.9 Dodging
 + Level 0.6 Stealth
 + Level 3.9 Shields
 * Level 2.4 Invocations
 * Level 1.3 Evocations


You had 6 spell levels left.
You didn't know any spells.
Your spell library contained the following spells:

 Spells                   Type           Power      Damage    Failure   Level
 Frozen Ramparts          Ice            0%         1d1       100%        3
 Ice Form                 Ice/Tmut       0%         N/A       100%        4
 Summon Ice Beast         Ice/Summ       0%         N/A       100%        4


Dungeon Overview and Level Annotations

Branches:
Dungeon (5/15)             Temple (1/1) D:4

Altars:
Dithmenos
Fedhas
Gozag
Hepliaklqana
Makhleb
Okawaru
Qazlal
Wu Jian
The Shining One


Innate Abilities, Weirdness & Mutations

You have extremely sharp teeth.
Your natural rate of healing is unusually fast.
When hurt, damage is shared between your health and your magic reserves.
Your bite disrupts and absorbs the magic of your enemies.
Potions cannot restore your health.


Message History

You barely miss the gnoll. You hit the gnoll. You burn the gnoll.
You kill the gnoll!
Makhleb accepts your kill. The gnoll hits you but does no damage.
You block the ogre's attack.
You hit the ogre but do no damage. Your bite misses the ogre.
The ogre is moderately wounded.
You hit the gnoll. You burn the gnoll. You hit the gnoll. You burn the gnoll.
The gnoll hits you with a +0 flail. You block the gnoll's attack.
The gnoll misses you.
The ogre hits you with a +0 giant spiked club!
You hit the gnoll. You burn the gnoll. You bite the gnoll. You drain its power.
You feel invigorated.
The gnoll is severely wounded.
You hit the ogre. You burn the ogre. You barely miss the gnoll.
The gnoll hits you but does no damage. You block the gnoll's attack. x2
The gnoll hits you but does no damage. The gnoll hits you with a +0 whip.
You block the gnoll's attack. The ogre barely misses you.
You slash the ogre! You burn the ogre.
The ogre is severely wounded.
You hit the gnoll. You burn the gnoll.
You kill the gnoll!
Makhleb accepts your kill.
You hit the gnoll. You burn the gnoll. The gnoll barely misses you.
You block the gnoll's attack.
You hit the ogre. You burn the ogre.
The ogre is severely wounded.
You barely miss the gnoll. You block the ogre's attack.
The gnoll hits you from afar with a +0 spear.
You block the gnoll's attack.
The ogre hits you with a +0 giant spiked club!
You block the gnoll's attack. x2
Things that are here:
a +0 whip; a gnoll corpse You hit the gnoll but do no damage.
Your bite misses the gnoll. You barely miss the gnoll.
You barely miss the ogre. The gnoll hits you but does no damage.
The gnoll hits you with a +0 flail.
The ogre hits you with a +0 giant spiked club!!
* * * LOW HITPOINT WARNING * * *
The gnoll closely misses you. The gnoll hits you with a +0 spear.
You die...

#..........#
#..........#
#..........#
#..........#
#..........#
#..........#
#....g.....#
#...@O#
#...g.#
#...).#
#.....######
......#
##+##......#
......#
#......#
......+
#......#
......#
#......#
......#
#......#


You could see an ogre and 2 gnolls.

Vanquished Creatures
  Sigmund (D:4)
  2 black bears (D:4)
  A scorpion (D:4)
  2 hounds (D:5)
  A jelly (D:5)
  3 iguanas
  2 gnolls (D:5)
  7 adders
  An ufetubus (D:4)
  3 worms
  6 orcs
  4 bats
  9 endoplasms
  A giant cockroach (D:1)
  12 goblins
  7 hobgoblins
  11 jackals
  3 kobolds
  3 quokkas (D:4)
  6 ball pythons
  3 frilled lizards
  4 rats
92 creatures vanquished.

Notes
Turn   | Place    | Note
-------+----------+-------------------------------------------
     0 | D:1      | Kazon the Vine Stalker Fighter began the quest for the Orb.
     0 | D:1      | Reached XP level 1. HP: 11/11 MP: 2/2
    47 | D:1      | Identified a scroll of acquirement
    47 | D:1      | Acquired a +2 kite shield of reflection
    73 | D:1      | Reached XP level 2. HP: 16/16 MP: 3/3
   565 | D:1      | Reached XP level 3. HP: 19/19 MP: 4/4
   974 | D:2      | Gained mutation: Your natural rate of healing is unusually
                  | fast. [Vine Stalker growth]
   974 | D:2      | Reached XP level 4. HP: 24/24 MP: 5/5
  1097 | D:2      | Upgraded the game from 0.30.0-13-g156ef70053 to
                  | 0.30.0-15-g856e2d3f33
  1716 | D:3      | Found a blossoming altar of Fedhas.
  1736 | D:3      | Reached XP level 5. HP: 28/28 MP: 6/6
  1874 | D:3      | Identified the +2 sling "Qeuhanocyt" {speed, rElec Str-3
                  | Dex+2}
  1891 | D:3      | Found a faded altar of an unknown god.
  1911 | D:3      | Found a stormy altar of Qazlal.
  2058 | D:4      | Found a staircase to the Ecumenical Temple.
  2070 | Temple   | Entered the Ecumenical Temple
  2087 | Temple   | Became a worshipper of Makhleb the Destroyer
  2202 | D:4      | Noticed a black bear
  2213 | D:4      | Killed a black bear
  2214 | D:4      | Reached skill level 1 in Dodging
  2214 | D:4      | Reached skill level 1 in Invocations
  2214 | D:4      | Reached XP level 6. HP: 32/32 MP: 7/7
  2345 | D:4      | Noticed Sigmund
  2365 | D:4      | Killed Sigmund
  2366 | D:4      | Reached skill level 1 in Short Blades
  2393 | D:4      | Noticed a black bear
  2415 | D:4      | Killed a black bear
  2416 | D:4      | Reached XP level 7. HP: 34/36 MP: 9/9
  2456 | D:4      | Found a hazy altar of Hepliaklqana.
  2459 | D:4      | Found a shadowy altar of Dithmenos.
  2459 | D:4      | Noticed a shadow
  2897 | D:5      | Entered Level 5 of the Dungeon
  3001 | D:5      | Reached skill level 1 in Evocations
  3034 | D:5      | Reached * piety under Makhleb
  3051 | D:5      | Slain by a gnoll

Illustrated notes

Levels and vault maps discovered:
D:1:      ebering_trefoil_3fold, layout_basic, st_stairs_14, serial_bayou_ford_a
D:2:      layout_basic, hangedman_decor_growths, minmay_close_crescents
D:3:      layout_rooms, mainiacjoe_overflow_concentric_impassable,
          mainiacjoe_overflow_paths, shapermc_ecumenical_altar_acropolis,
          chequers_serial_rivers_micro_b
D:4:      layout_basic, riverfiend_overflow_shadow_ancestor,
          minmay_temple_entry_glass, uniq_sigmund
D:5:      layout_gridville
Temple:   nicolae_temple_elliptical

Skill      XL: |  1  2  3  4  5  6  7 |
---------------+----------------------+-----
Axes           | 2 3 |  3.6
Shields        | 3 |  3.9
Fighting       | 3 |  3.5
Armour         | 3 |  3.9
Dodging        | 1 |  1.9
Invocations    | 1 2 |  2.4
Short Blades   | 1 |  1.7
Evocations     | 1 |  1.3
Throwing       | |  0.5
Stealth        | |  0.6

Action                     |  1- 3 |  4- 6 |  7- 9 || total
---------------------------+-------+-------+-------++-------
  Melee: War axe           |    97 |    69 |     6 ||   172
         Bite              |    24 |    35 |    31 ||    90
         Dagger            |       |    73 |    65 ||   138
         Hand axe          |       |       |    22 ||    22
  Throw: Stone             |       |     4 |    17 ||    21
         Dart              |       |     5 |       ||     5
         Boomerang         |       |       |     7 ||     7
    Use: Scroll            |     1 |     1 |       ||     2
 Armour: Scale mail        |    48 |    48 |    35 ||   131
  Dodge: Dodged            |    27 |    41 |    39 ||   107
  Block: Buckler           |     4 |       |       ||     4
         Kite shield       |    47 |    69 |    47 ||   163
         Reflection        |     1 |       |       ||     1
